 Dungeon Crawl Stone Soup version 0.23.2-40-g277498a001 (webtiles) character file.

Game seed: 6564216335596958329

71 Curus the Chopper (level 4, 0/39 HPs)
             Began as a Hill Orc Abyssal Knight on Oct 21, 2019.
             Was a Follower of Lugonu.
             Succumbed to an adder's poison
             ... on level 2 of the Dungeon.
             The game lasted 00:03:54 (1402 turns).

Curus the Chopper (Hill Orc Abyssal Knight)         Turns: 1402, Time: 00:03:55

Health: 0/39       AC:  5    Str: 14    XL:     4   Next: 24%
Magic:  7/7        EV: 10    Int: 15    God:    Lugonu [*.....]
Gold:   101        SH:  0    Dex: 11    Spells: 3/3 levels left

rFire    . . .     SeeInvis .   a - +2 hand axe
rCold    . . .     Gourm    .   (no shield)
rNeg     . . .     Faith    .   f - +0 ring mail
rPois    .         Spirit   .   (no helmet)
rElec    .         Reflect  .   (no cloak)
rCorr    .         Harm     .   (no gloves)
MR       .....                  (no boots)
Stlth    +.........             (no amulet)
HPRegen  0.13/turn              h - +3 ring of intelligence
MPRegen  0.10/turn              (no ring)

@: lethally poisoned (0 -> -2)
A: no striking features
a: Depart the Abyss, Renounce Religion


You were on level 2 of the Dungeon.
You worshipped Lugonu.
Lugonu was aware of your devotion.
You were not hungry.

You visited 1 branch of the dungeon, and saw 2 of its levels.
You visited the Abyss 1 time.

You collected 101 gold pieces.

Inventory:

Hand Weapons
 a - a +2 hand axe (weapon)
Armour
 b - a +0 leather armour
 f - a +0 ring mail (worn)
Jewellery
 h - a +3 ring of intelligence (left hand)
 i - an uncursed ring of resist corrosion
Scrolls
 e - 2 scrolls of remove curse
Potions
 d - 3 potions of brilliance
Comestibles
 c - 3 rations
 g - a chunk of flesh


   Skills:
 - Level 3.6 Fighting
 + Level 4.5 Axes
 - Level 2.1 Armour
 - Level 0.7 Dodging
 + Level 4.3 Invocations


You had 3 spell levels left.
You didn't know any spells.
Your spell library was empty.

Dungeon Overview and Level Annotations

Branches:
Dungeon (2/15)

Altars:
Dithmenos


Message History

The goblin is moderately wounded.
You feel sick. The goblin hits you with a +0 club.
* * * LOW HITPOINT WARNING * * *
You slash the goblin!
You kill the goblin!
Lugonu accepts your kill.
The goblin shoots a stone.
The stone closely misses you.
You see here a stone.
* * * LOW HITPOINT WARNING * * *
You feel sick. The quokka misses you.
You hit the quokka.
The quokka is severely wounded.
The quokka bites you but does no damage.
You closely miss the quokka.
The quokka is severely wounded.
The quokka bites you.
* * * LOW HITPOINT WARNING * * *
You hit the quokka.
The quokka is almost dead.
You die...

#.# ### ... ... ..#
.... ..###.#
##....... #......
....#+.§§+
##.###.###...§§§§§.
............§§§§..
#g###.#.#..#§##...
#r#....÷).......#.
#@#.#...........#.
#.#.#.#..#.#.#....
###.#.#........#....
#..........#.#.#....
##.(#.#...#.........
#..#.#.#######.....
#..#.#.# #........
#(.#.#.# #........
#..#.# #....(...


You could see a quokka and a goblin.

Vanquished Creatures
  2 adders (D:2)
  An ufetubus (Abyss:1)
  A worm (D:2)
  A dart slug (D:1)
  2 leopard geckos (D:1)
  A bat (D:1)
  2 giant cockroaches
  4 goblins
  10 hobgoblins
  4 jackals (D:1)
  4 kobolds
  A ball python (D:1)
  A frilled lizard (D:2)
  4 rats (D:1)
38 creatures vanquished.

Notes
Turn   | Place    | Note
-------+----------+-------------------------------------------
     0 | Abyss:1  | Curus the Hill Orc Abyssal Knight began the quest for the
                  | Orb.
     0 | Abyss:1  | Reached XP level 1. HP: 19/19 MP: 2/2
    92 | Abyss:1  | Noticed a large abomination
    97 | Abyss:1  | Noticed a shadow
   104 | Abyss:1  | Noticed a chaos spawn
   107 | D:1      | Escaped the Abyss
   129 | D:1      | Reached XP level 2. HP: 16/26 MP: 4/4
   372 | D:1      | Reached * piety under Lugonu
   392 | D:1      | Reached XP level 3. HP: 7/31 MP: 5/5
  1245 | D:2      | Found a shadowy altar of Dithmenos.
  1264 | D:2      | Reached XP level 4. HP: 15/39 MP: 7/7
  1401 | D:2      | HP: 1/39 [quokka (1)]
  1402 | D:2      | Succumbed to an adder's poison

Skill      XL: |  1  2  3 |
---------------+----------+-----
Axes           | 3 4 |  4.5
Invocations    | 3 4 |  4.3
Fighting       | |  3.6
Armour         | |  2.1
Dodging        | |  0.7

Action                   |  1- 3 |  4- 6 || total
-------------------------+-------+-------++-------
Melee: Hand axe          |   113 |    22 ||   135
Invok: Depart the Abyss  |     1 |       ||     1
  Use: Scroll            |     3 |       ||     3
       Potion            |     1 |       ||     1
  Eat: Chunk             |     1 |     1 ||     2
Armor: Leather armour    |    13 |       ||    13
       Ring mail         |    22 |    10 ||    32
Dodge: Dodged            |    63 |    11 ||    74
